 Dungeon Crawl Stone Soup version 0.29-a0-542-g075992c915 (webtiles) character file.

Game seed: 6828503603928467613

1194 Sweetruy1997 the Carver (level 8, -9/60 HPs)
             Began as a Demonspawn Chaos Knight on June 4, 2022.
             Was a Plaything of Xom.
             Mangled by a hornet (10 damage)
             ... on level 6 of the Dungeon on June 5, 2022.
             The game lasted 00:14:25 (6114 turns).

Sweetruy1997 the Carver (Demonspawn Chaos Knight)   Turns: 6114, Time: 00:14:25

Health: -9/60      AC:  7    Str: 13    XL:     8   Next: 20%
Magic:  0/9        EV: 17    Int: 15    God:    Xom [..*...]
Gold:   206        SH:  0    Dex: 13    Spells: 2/9 levels left

rFire   + + .      SeeInvis .   a - +0 falchion (chaos)
rCold   + . .      Faith    .   (no shield)
rNeg    . . .      Spirit   +   s - +2 robe "Jiyvum" {rF++ rC+}
rPois   .          Reflect  .   (no helmet)
rElec   .          Harm     .   r - +1 cloak "Nalenen" {Int+2 Stlth+}
rCorr   .          Rampage  .   j - +0 pair of gloves
Will    .....                   (no boots)
Stlth   +++.......              i - amulet of guardian spirit
HPRegen 0.20/turn               y - +4 ring of evasion
MPRegen 0.11/turn               (no ring)

@: lethally poisoned (-9 -> -16), very slightly contaminated, slowed, very slow
A: hooves 1, repulsion field 1, demonic guardian 1, ignite blood 1, clumsy 1,
screaming 1, noise suppression
a: Renounce Religion


You were on level 6 of the Dungeon.
You worshipped Xom.
You were a toy of Xom.
You visited 2 branches of the dungeon, and saw 7 of its levels.

You collected 234 gold pieces.
You spent 28 gold pieces at shops.

Inventory:

Hand Weapons
 a - a +0 falchion of chaos (weapon)
Missiles
 x - 4 boomerangs (quivered)
 A - a boomerang of dispersal
Armour
 j - a +0 pair of gloves (worn)
 r - the +1 cloak "Nalenen" (worn) {Int+2 Stlth+}
   (You found it on level 4 of the Dungeon)

   Int:       It affects your intelligence (+2).
   Stlth:     It makes you more stealthy.
 s - the +2 robe "Jiyvum" (worn) {rF++ rC+}
   (You found it on level 4 of the Dungeon)

   rF:        It greatly protects you from fire.
   rC:        It protects you from cold.
Jewellery
 i - an amulet of guardian spirit (around neck)
 y - a +4 ring of evasion (left hand)
Wands
 k - a wand of flame (27)
Scrolls
 d - a scroll of fog {unknown}
 f - 2 scrolls of poison
 h - a scroll of teleportation {unknown}
 n - a scroll of vulnerability {unknown}
 u - a scroll of silence {unknown}
 v - a scroll of magic mapping {unknown}
 B - a scroll of enchant weapon {unknown}
Potions
 b - a potion of might {unknown}
 e - a potion of flight
 g - 3 potions of lignification
 l - 3 potions of brilliance
 m - a potion of magic {unknown}
 o - a potion of degeneration {unknown}
 p - 2 potions of heal wounds {unknown}
 q - 2 potions of haste {unknown}
 t - 2 potions of ambrosia {unknown}
 w - a potion of cancellation {unknown}
 z - a potion of berserk rage {unknown}
Miscellaneous
 c - a piece from Xom's chessboard (2/15)


   Skills:
 - Level 4.0 Fighting
 + Level 8.6 Long Blades
 + Level 0.2 Throwing
 - Level 2.0 Armour
 - Level 1.0 Dodging
 - Level 1.0 Stealth
 + Level 1.0 Spellcasting
 + Level 0.3 Translocations
 + Level 0.9 Ice Magic
 - Level 1.0 Evocations


You had 2 spell levels left.
You knew the following spells:

 Your Spells              Type           Power      Damage    Failure   Level
a - Gell's Gravitas       Tloc           1%         N/A       54%         3
b - Freeze                Ice            12%        1d4       17%         1
c - Frozen Ramparts       Ice            6%         1d2       45%         3

Your spell library contained the following spells:

 Spells                   Type           Power      Damage    Failure   Level
 Teleport Other           Tloc           1%         N/A       54%         3
 Ignite Poison            Fire/Tmut/Pois 0%         N/A       58%         3
 Mephitic Cloud           Conj/Pois/Air  0%         N/A       58%         3
 Hailstorm                Conj/Ice       2%         3d3       89%         4
 Ice Form                 Ice/Tmut       2%         N/A       89%         4
 Freezing Cloud           Conj/Ice/Air   0%         6-21      99%         5
 Dispersal                Tloc           0%         N/A       100%        6
 Simulacrum               Ice/Necr       1%         N/A       100%        6


Dungeon Overview and Level Annotations

Branches:
Dungeon (6/15)             Temple (1/1) D:5

Altars:
Ashenzari
Cheibriados
Elyvilon
Fedhas
Gozag
Hepliaklqana
Kikubaaqudgha
Makhleb
Nemelex Xobeh
Okawaru
Qazlal
Ru
Sif Muna
Trog
Uskayaw
Vehumet
Wu Jian
Xom
Yredelemnul
Zin
The Shining One

Shops:
D:1 ?=


Innate Abilities, Weirdness & Mutations

You have large cloven feet.
You are surrounded by a mild repulsion field. (EV +2)
A weak demonic guardian rushes to your aid.
Your demonic aura sometimes causes spilled blood to erupt in flames.
You are clumsy. (Dex -2)
You occasionally shout uncontrollably at your foes.
You passively dampen the noise of your surroundings.


Message History

You hit the hound.
Space warps around the hound.
You kill the hound!
You are no longer locked in place.
Casting: Gell's Gravitas (quite dangerous; 54% risk of failure)
Confirm with . or Enter, or press ? or * to list all spells.
Aiming: Freeze (safe; 17% risk of failure)
Press: ? - help, Shift-Dir - straight line, f - hornet, p - adder
Aim: a hornet You freeze the hornet.
The hornet is lightly wounded.
The hornet stings you!
A demonic guardian appears!
You feel yourself slow down. The hornet stings you.
You suddenly lose the ability to move!
The hornet stings you.
You are poisoned.
You feel as though you will be slow longer.
You feel very sick. The hornet stings you.
You feel as though you will be slow longer.
The hornet stings you!
* * * LOW HITPOINT WARNING * * *
You are lethally poisoned!
You shrug off the repeated paralysis!
You can move again.
You swap places.
* * * LOW HITPOINT WARNING * * *
You feel extremely sick. The hornet stings your white imp!
Your white imp is poisoned.
The hornet closely misses your white imp.
Your white imp barely misses the hornet.
* * * LOW HITPOINT WARNING * * *
You feel very sick. The hornet stings your white imp!
Your white imp dies!
Your white imp disappears in a puff of smoke!
* * * LOW HITPOINT WARNING * * *
You feel very sick. The hornet stings you!
You die...
Xom titters!

........>#.............)
.........#.###.......#.)
.........#.# #.###.#.#..
.........#.###...)......
######.W...............
#S##.#............
#l################ #y#
#@# #.# #.. #... ##...
#.#P ##♣♣


You could see a hornet, a phantom, an iguana and an adder.

Vanquished Creatures
  Grinder (D:5)
  A black bear (D:6)
  An ogre (D:5)
  3 phantoms
  Blork the orc (D:5)
  2 bullfrogs
  3 hounds
  2 jellies
  Ijyb (D:5)
  2 iguanas
  9 adders
  2 gnolls
  A white imp (D:4)
  3 dart slugs
  13 orcs
  6 endoplasms
  3 giant cockroaches
  8 goblins
  4 hobgoblins
  4 jackals
  A quokka (D:3)
  5 ball pythons
  8 bats
  5 frilled lizards
  4 kobolds
  8 rats
101 creatures vanquished.

Vanquished Creatures (collateral kills)
  An orc (D:4)
  A hobgoblin (D:1)
  A bat (D:3)
  A frilled lizard (D:1)
4 creatures vanquished.

Grand Total: 105 creatures vanquished

Notes
Turn   | Place    | Note
-------+----------+-------------------------------------------
     0 | D:1      | Sweetruy1997 the Demonspawn Chaos Knight began the quest
                  | for the Orb.
     0 | D:1      | Reached XP level 1. HP: 18/18 MP: 1/1
    87 | D:1      | Gained mutation: You are surrounded by a mild repulsion
                  | field. (EV +2) [demonic ancestry]
    87 | D:1      | Reached XP level 2. HP: 24/24 MP: 2/2
   167 | D:1      | Reached skill level 3 in Long Blades
   452 | D:1      | XOM: silly message
   517 | D:1      | Found Pixaf's Magic Scroll Boutique.
   523 | D:1      | Bought a scroll of identify for 28 gold pieces
   610 | D:1      | Found Hehoerph's One-of-a-Kind Rings.
   696 | D:1      | XOM: divination: detect creatures
   862 | D:1      | Found a faded altar of an unknown god.
   869 | D:1      | Gained mutation: You have large cloven feet. [demonic
                  | ancestry]
   869 | D:1      | Reached XP level 3. HP: 29/29 MP: 3/3
   927 | D:1      | XOM: silly message
   953 | D:1      | XOM: silly message
  1008 | D:2      | XOM: divination: detect creatures
  1080 | D:2      | XOM: silly message
  1129 | D:2      | Reached skill level 1 in Dodging
  1520 | D:2      | XOM: give mutations
  1520 | D:2      | Gained mutation: Armour fits poorly on your strangely
                  | shaped body. [Xom's mischief]
  1520 | D:2      | Gained mutation: You are somewhat resistant to further
                  | mutation. [Xom's mischief]
  1520 | D:2      | Gained mutation: You sometimes lose the ability to read
                  | scrolls when taking damage. [Xom's mischief]
  1582 | D:2      | You fall into a shaft and drop 1 floor!
  1605 | D:3      | Gained mutation: A weak demonic guardian rushes to your
                  | aid. [demonic ancestry]
  1605 | D:3      | Reached XP level 4. HP: 27/37 MP: 4/4
  1609 | D:3      | XOM: smoke on damage
  2084 | D:3      | Reached skill level 4 in Long Blades
  2314 | D:3      | Lost mutation: You are somewhat resistant to further
                  | mutation. [potion of mutation]
  2314 | D:3      | Lost mutation: Armour fits poorly on your strangely shaped
                  | body. [potion of mutation]
  2314 | D:3      | Lost mutation: You sometimes lose the ability to read
                  | scrolls when taking damage. [potion of mutation]
  2314 | D:3      | Gained mutation: You are clumsy. (Dex -2) [potion of
                  | mutation]
  2314 | D:3      | Gained mutation: You have a pair of small horns on your
                  | head. [potion of mutation]
  2339 | D:3      | Learned a level 3 spell: Gell's Gravitas
  2448 | D:3      | XOM: polymorph quokka -> gnoll
  2466 | D:3      | XOM: torment (21/37 hp)
  2659 | D:3      | Reached XP level 5. HP: 40/42 MP: 5/5
  2730 | D:3      | Reached skill level 1 in Stealth
  2869 | D:3      | Reached skill level 1 in Evocations
  2998 | D:4      | Identified the +1 cloak "Nalenen" {Int+2 Stlth+}
  3010 | D:4      | Identified the +2 robe "Jiyvum" {rF++ rC+}
  3125 | D:4      | XOM: confusion
  3138 | D:4      | Reached skill level 5 in Long Blades
  3158 | D:4      | HP: 1/42 [orc/+0 trident (4)]
  3501 | D:4      | XOM: give mutations
  3501 | D:4      | Gained mutation: You occasionally shout uncontrollably at
                  | your foes. [Xom's mischief]
  3501 | D:4      | Gained mutation: You passively dampen the noise of your
                  | surroundings. [Xom's mischief]
  3501 | D:4      | Lost mutation: You have a pair of small horns on your head.
                  | [Xom's mischief]
  3593 | D:4      | Gained mutation: Your demonic aura sometimes causes spilled
                  | blood to erupt in flames. [demonic ancestry]
  3593 | D:4      | Reached XP level 6. HP: 47/48 MP: 6/6
  3836 | D:5      | Entered Level 5 of the Dungeon
  3853 | D:5      | Learned a level 1 spell: Freeze
  3908 | D:5      | Reached skill level 6 in Long Blades
  4177 | D:5      | Reached XP level 7. HP: 50/54 MP: 7/7
  4297 | D:5      | Noticed Grinder
  4297 | D:5      | Noticed Ijyb
  4299 | D:5      | XOM: chaos upgrade
  4310 | D:5      | Killed Ijyb
  4333 | D:5      | Killed Grinder
  4334 | D:5      | Reached skill level 7 in Long Blades
  4594 | D:5      | Found a staircase to the Ecumenical Temple.
  4676 | D:5      | Noticed Blork the orc
  4686 | D:5      | Killed Blork the orc
  4897 | Temple   | Entered the Ecumenical Temple
  5500 | D:6      | XOM: 1-stop teleportation journey
  5521 | D:6      | XOM: summons 1 hostile demon
  5539 | D:6      | XOM: noise
  5543 | D:6      | Reached skill level 8 in Long Blades
  5543 | D:6      | Reached XP level 8. HP: 22/60 MP: 4/9
  5771 | D:6      | XOM: blink monster(s)
  5806 | D:6      | Learned a level 3 spell: Frozen Ramparts
  5920 | D:6      | XOM: silly message
  6001 | D:6      | Reached skill level 1 in Spellcasting
  6095 | D:6      | Noticed a hornet
  6109 | D:6      | Paralysed by a hornet for 3 turns
  6114 | D:6      | HP: 1/60 [poisoned by a hornet]
  6114 | D:6      | Mangled by a hornet

Illustrated notes

Levels and vault maps discovered:
D:1:      dpeg_arrival_rooms_c, layout_loops_ring,
          ebering_ecumenical_altar_sacrificial, serial_rivers,
          chequers_serial_rivers_micro_b, chequers_serial_rivers_large_a,
          chequers_serial_rivers_micro_d, chequers_serial_rivers_marsh,
          chequers_serial_rivers_large_b, chequers_serial_rivers_micro_d,
          serial_shops, nicolae_shop_competitors_out_of_business,
          nicolae_shop_unique_rings, moated_statue
D:2:      minmay_spotlight, layout_rooms
D:3:      layout_loops_ring
D:4:      layout_cave_pools
D:5:      layout_loops_ring, minmay_temple_entry_junction, uniq_blork_the_orc,
          uniq_grinder, uniq_ijyb
D:6:      layout_basic, minmay_manual_moon, uniq_crazy_yiuf_cottage
Temple:   mainiacjoe_temple_starburst

Skill      XL: |  1  2  3  4  5  6  7  8 |
---------------+-------------------------+-----
Armour         | 2 |  2.0
Long Blades    | 3 4 5 6 8 |  8.6
Dodging        | 1 |  1.0
Fighting       | 4 |  4.0
Stealth        | 1 |  1.0
Evocations     | 1 |  1.0
Spellcasting   | 1 |  1.0
Throwing       | |  0.2
Translocations | |  0.3
Ice Magic      | |  0.9

Action                   |  1- 3 |  4- 6 |  7- 9 || total
-------------------------+-------+-------+-------++-------
Melee: Falchion          |   101 |   148 |    72 ||   321
       Punch             |     2 |       |       ||     2
       Kick              |    13 |    28 |    21 ||    62
       Headbutt          |       |    11 |       ||    11
Throw: Boomerang         |       |       |    12 ||    12
 Cast: Freeze            |       |     1 |     2 ||     3
       Gell's Gravitas   |       |       |     1 ||     1
Evoke: Piece from Xom's  |    12 |     6 |    13 ||    31
  Use: Scroll            |     1 |     5 |     1 ||     7
       Potion            |       |     2 |     1 ||     3
 Stab: Paralysed         |     1 |     5 |       ||     6
       Confused          |     1 |       |       ||     1
       Sleeping          |       |     3 |     1 ||     4
Armor: Leather armour    |    46 |    18 |       ||    64
       Robe              |       |    23 |    19 ||    42
Dodge: Dodged            |    86 |   139 |    50 ||   275

Table legend: (Time is in decaauts)
 A = Elapsed time spent in this place.
 B = Non-inter-level travel time spent in this place.
 C = Inter-level travel time spent in this place.
 D = Time resting spent in this place.
 E = Time spent auto-exploring this place.
 F = Levels seen in this place.
 G = Mean time per level.
                   A        B        C        D        E       F      G
               +--------+--------+--------+--------+--------+-----+--------+
         Total |   6181 |   5919 |    262 |    922 |   4047 |   7 |  883.0 |
       Dungeon |   5618 |   5403 |    215 |    922 |   3539 |   6 |  936.3 |
        Temple |    562 |    515 |     47 |      0 |    508 |   1 |  562.0 |
               +--------+--------+--------+--------+--------+-----+--------+

Top non-repeatable levels by time:
     D:3: 1354 daAuts
     D:5: 1098 daAuts
     D:1: 1020 daAuts
     D:2: 914 daAuts
     D:4: 615 daAuts
     D:6: 614 daAuts
  Temple: 562 daAuts
